 Dungeon Crawl Stone Soup version 0.17.1-2-g5865329 (webtiles) character file.

254 Rationalist the Skirmisher (level 5, 0/42 HPs)
             Began as a Demonspawn Berserker on Jan 28, 2016.
             Was a Believer of Trog.
             Slain by a gnoll
             ... wielding a cursed +0 whip
              (3 damage)
             ... on level 3 of the Dungeon.
             The game lasted 00:03:44 (4084 turns).

Rationalist the Skirmisher (Demonspawn Berserker)   Turns: 4084, Time: 00:03:44

Health: 0/42       AC:  2    Str: 18    XL:     5   Next: 91%
Magic:  0/5        EV: 13    Int: 13    God:    Trog [**....]
Gold:   42         SH:  0    Dex: 13    Spells: 0 memorised, 4 levels left

rFire  + . .     SeeInvis .     h - +0 war axe
rCold  . . .     Clarity  .     b - +0 animal skin
rNeg   . . .     SustAt   .     (no shield)
rPois  .         Gourm    .     (no helmet)
rElec  .         Spirit   +     (no cloak)
rCorr  .         Warding  .     (no gloves)
rMut   .         Stasis   .     (no boots)
MR     ++...                    (no amulet)
Stlth  ++........               (no ring)
                                j - ring of protection from fire

@: brilliant, exhausted, very slightly contaminated, regenerating, hasted and
slowed, very resistant to hostile enchantments, unstealthy
A: magic shield
a: Berserk, Trog's Hand, Burn Spellbooks, Renounce Religion


You were on level 3 of the Dungeon.
You worshipped Trog.
Trog was pleased with you.
You were not hungry.

You visited 1 branch of the dungeon, and saw 3 of its levels.

You collected 42 gold pieces.

Inventory:

Hand Weapons
 h - a +0 war axe (weapon)
Missiles
 f - 8 javelins (quivered)
Armour
 b - a +0 animal skin (worn)
Jewellery
 j - a ring of protection from fire (left hand)
Scrolls
 d - a scroll of enchant weapon {unknown}
 g - 2 scrolls of remove curse {unknown}
 k - a scroll of immolation {unknown}
Comestibles
 c - 3 bread rations
 i - 2 meat rations


   Skills:
 + Level 4.2 Fighting
 + Level 3.9 Axes
 + Level 1.8 Armour
 + Level 3.7 Dodging
 + Level 1.0 Stealth


You had 4 spell levels left.
You didn't know any spells.

Dungeon Overview and Level Annotations

Branches:
Dungeon (3/15)

Altars:


Innate Abilities, Weirdness & Mutations

When hurt, damage is shared between your health and your magic reserves.


Message History

* * * LOW HITPOINT WARNING * * *
You're too exhausted to go berserk.
Your skin crawls.
You feel resistant to hostile enchantments.
You feel slightly more hungry. The gnoll hits you with a whip!
* * * LOW HITPOINT WARNING * * *
Drink which item? (? for menu, Esc to quit)
It was a potion of haste.
You feel yourself speed up. The gnoll completely misses you.
The gnoll hits you with a whip.
* * * LOW HITPOINT WARNING * * *
You are very lightly contaminated with residual magic.
Drink which item? (? for menu, Esc to quit)
It was a potion of brilliance.
You feel clever all of a sudden. The gnoll hits you with a whip.
* * * LOW HITPOINT WARNING * * *
You barely miss the gnoll.
The gnoll is heavily wounded.
The gnoll hits you with a whip.
You die...

### #... #....
......#####
......g@..#
..#######.#####
#......# #......#
###.....(#
..........# #####
#.###......#####...##
..........)........
#############....##


You could see a gnoll.

Vanquished Creatures
  The ghost of Grim the Twirler, an amateur MiGl (D:3)
  Ijyb (D:2)
  3 gnolls (D:3)
  4 adders
  2 oozes
  A worm (D:2)
  3 orcs (D:3)
  5 bats
  4 giant cockroaches
  10 goblins
  4 hobgoblins
  8 jackals
  2 quokkas
  2 ball pythons
  4 giant newts
  8 kobolds
  9 rats
71 creatures vanquished.

Notes
Turn   | Place    | Note
--------------------------------------------------------------
     0 | D:1      | Rationalist the Demonspawn Berserker began the quest for the Orb.
     0 | D:1      | Reached XP level 1. HP: 18/18 MP: 1/1
   159 | D:1      | Gained mutation: When hurt, damage is shared between your health and your magic reserves. [demonic ancestry]
   159 | D:1      | Reached XP level 2. HP: 4/24 MP: 2/2
  1102 | D:1      | Reached ** piety under Trog
  1323 | D:2      | Reached XP level 3. HP: 29/29 MP: 3/3
  1992 | D:2      | Noticed Ijyb
  2004 | D:2      | Killed Ijyb
  2004 | D:2      | Reached XP level 4. HP: 25/37 MP: 1/4
  3521 | D:3      | Noticed Grim's ghost (amateur MiGl)
  3530 | D:3      | Killed Grim's ghost
  3530 | D:3      | Reached skill level 4 in Fighting
  3530 | D:3      | Reached XP level 5. HP: 16/42 MP: 2/5
  4078 | D:3      | Reached skill level 1 in Stealth
  4083 | D:3      | HP: 1/42 [gnoll/whip (3)]
  4084 | D:3      | Slain by a gnoll

Action                   |  1- 3 |  4- 6 || total
-------------------------+-------+-------++-------
Melee: Hand axe          |    81 |       ||    81
       War axe           |    41 |   104 ||   145
Invok: Berserk           |     3 |     3 ||     6
       Trog's Hand       |       |     1 ||     1
  Use: Potion            |       |     2 ||     2
 Stab: Sleeping          |       |     1 ||     1
  Eat: Chunk             |     5 |     7 ||    12
       Meat ration       |       |     1 ||     1
